 Dungeon Crawl Stone Soup version 0.28.0-53-g5a82cb258f (webtiles) character file.

Game seed: 11443383225707469790

11 Sin92 the Conjurer (level 2, 0/20 HPs)
             Began as a Demonspawn Conjurer on July 26, 2022.
             Slain by a giant cockroach (2 damage)
             ... on level 1 of the Dungeon.
             The game lasted 00:01:33 (243 turns).

Sin92 the Conjurer (Demonspawn Conjurer)             Turns: 243, Time: 00:01:33

Health: 0/20       AC:  2    Str:  7    XL:     2   Next: 17%
Magic:  3/5        EV: 12    Int: 19    God:
Gold:   33         SH:  0    Dex: 11    Spells: 4/5 levels left

rFire   . . .      SeeInvis .   c - +0 short sword
rCold   . . .      Faith    .   (no shield)
rNeg    . . .      Spirit   .   a - +0 robe
rPois   .          Reflect  .   (no helmet)
rElec   .          Harm     .   (no cloak)
rCorr   .          Rampage  .   (no gloves)
Will    .....                   (no boots)
Stlth   ++........              (no amulet)
HPRegen 0.06/turn               (no ring)
MPRegen 0.09/turn               (no ring)

@: no status effects
A: weakness stinger 1
a: no special abilities


You were on level 1 of the Dungeon.
You visited 1 branch of the dungeon, and saw 1 of its levels.

You collected 33 gold pieces.

Inventory:

Hand Weapons
 b - a +0 dagger
 c - a +0 short sword (weapon)
Armour
 a - a +0 robe (worn)


   Skills:
 + Level 0.4 Fighting
 + Level 0.4 Armour
 + Level 1.9 Dodging
 + Level 2.0 Stealth
 + Level 2.1 Spellcasting
 + Level 4.1 Conjurations


You had 4 spell levels left.
You knew the following spells:

 Your Spells              Type           Power      Damage    Failure   Level
a - Magic Dart            Conj           68%        1d6       3%          1

Your spell library contained the following spells:

 Spells                   Type           Power      Damage    Failure   Level
 Searing Ray              Conj           34%        2d5       4%          2
 Dazzling Flash           Conj/Hex       18%        N/A       22%         3
 Fulminant Prism          Conj/Hex       4%         3d6       58%         4
 Iskenderun's Mystic Bla  Conj/Tloc      9%         2d4       58%         4


Dungeon Overview and Level Annotations

Branches:
Dungeon (1/15)

Altars:


Innate Abilities, Weirdness & Mutations

You have a small tail.


Message History

The jackal barely misses you. The ball python bites you.
The ball python constricts you.
You barely miss the jackal.
The jackal is moderately wounded.
The jackal barely misses you. The ball python closely misses you.
The ball python constricts you.
The jackal bites you but does no damage.
You hit the ball python but do no damage.
You punch the ball python, but do no damage.
The ball python bites you.
* * * LOW HITPOINT WARNING * * *
The ball python constricts you.
* * * LOW HITPOINT WARNING * * *
The jackal bites you.
* * * LOW HITPOINT WARNING * * *
The ball python bites you but does no damage.
The ball python constricts you.
* * * LOW HITPOINT WARNING * * *
You hit the ball python.
The ball python is moderately wounded.
The jackal bites you but does no damage.
The ball python bites you but does no damage.
The ball python constricts you. The jackal bites you.
* * * LOW HITPOINT WARNING * * *
Unknown command.
You closely miss the ball python.
The ball python is moderately wounded.
The jackal bites you but does no damage.
The ball python bites you but does no damage.
The ball python constricts you.
You hit the ball python.
You kill the ball python!
The jackal barely misses you. The jackal closely misses you.
You hit the giant cockroach but do no damage.
The giant cockroach barely misses you. The jackal closely misses you.
Unknown command.
You hit the jackal.
The jackal is almost dead.
The jackal closely misses you. The giant cockroach bites you.
You die...

#........#...#..........#..##.#
..#.#.#.#.#.#..........#..##.#
#.^........................##.#
+..#.#.#.#.#J#..........#.. #..
#..........lhS..........#.###.#
#..#.#.#.#.#.#h.S####..........
#..$.........#.####.≈≈≈≈≈≈≈≈≈
##h#.#.#.#.###Jh....≈........
#..........h@BhS.≈≈.≈.≈≈.....
##.#.#.#.#.#####.≈..≈<.≈.....
#...........# #.≈..≈≈.≈.≈≈..
##.#.#.#.#.#. #.≈.....≈.>≈..
#.... .. #.≈.....≈≈(≈.≈ ..
...≈........≈.. .
#..≈≈≈≈≈≈≈≈≈≈.# ##............#
######.#######


You could see an endoplasm, 3 jackals, a giant cockroach and a ball python.

Vanquished Creatures
  A dart slug (D:1)
  2 bats (D:1)
  A goblin (D:1)
  A jackal (D:1)
  2 kobolds (D:1)
  A ball python (D:1)
  A rat (D:1)
9 creatures vanquished.

Notes
Turn   | Place    | Note
-------+----------+-------------------------------------------
     0 | D:1      | Sin92 the Demonspawn Conjurer began the quest for the Orb.
     0 | D:1      | Reached XP level 1. HP: 13/13 MP: 3/3
   217 | D:1      | Discovered your monstrous ancestry.
   217 | D:1      | Gained mutation: You have a small tail. [demonic ancestry]
   217 | D:1      | Reached XP level 2. HP: 13/20 MP: 1/5
   243 | D:1      | Slain by a giant cockroach

Illustrated notes

Levels and vault maps discovered:
D:1:      ebering_trefoil_twist, layout_basic, serial_rivers,
          chequers_serial_rivers_marsh, chequers_serial_rivers_large_b,
          chequers_serial_rivers_micro_a, chequers_serial_rivers_room_a,
          chequers_serial_rivers_micro_b, chequers_serial_rivers_room_b,
          basic_ecumenical_altar, chequers_serial_rivers_marsh, st_stairs_10,
          grunt_decor_junction, minmay_misc_feat_encased

Skill      XL: |  1  2 |
---------------+-------+-----
Stealth        | 2 |  2.0
Fighting       | |  0.4
Armour         | |  0.4
Dodging        | |  1.9
Spellcasting   | |  2.1
Conjurations   | |  4.1

Action                   || total
-------------------------++-------
Melee: Short sword       ||    23
       Dagger            ||     3
       Tailslap          ||     1
       Punch             ||     1
 Cast: Magic Dart        ||     5
Armor: Robe              ||    11
Dodge: Dodged            ||    35
